 Dungeon Sprint DCSS version 0.31-a0-1074-g0b22e4e0f1 (webtiles) character file.

Game seed: 1490453598023700802

10218 BigDaddyOpFi the End of an Era (level 11, -1/111 HPs)
             Began as a Hill Orc Fighter on Dec 8, 2023.
             Was the Champion of Qazlal.
             Slain by a stone giant (15 damage)
             ... in the Dungeon (Sprint IX: "|||||||||||||||||||||||||||||").
             The game lasted 00:03:48 (2123 turns).

BigDaddyOpFi the End of an Era (Hill Orc Fighter)   Turns: 2123, Time: 00:03:48

Health: -1/111     AC: 22    Str: 24    XL:     11   Next: 58%
Magic:  15/24      EV:  9    Int:  8    God:    Qazlal [******]
Gold:   34         SH: 15    Dex: 13    Spells: 10/10 levels left

rFire   . . .        m - +6 war axe (heavy)
rCold   . . .        c - +0 buckler
rNeg    . . .        p - +1 chain mail
rPois   .            (no helmet)
rElec   .            (no cloak)
rCorr   .            n - +0 pair of gloves
SInv    .            f - +0 pair of boots
Will    .....        (no amulet) Stlth
                     q - +2 ring of protection
HPRegen 0.38/turn    r - +3 ring of dexterity
MPRegen 0.19/turn

%: no teleportation, repel missiles
@: protected from physical damage
A: no striking features
a: Renounce Religion, Upheaval, Elemental Force, Disaster Area


You were in the Dungeon.
You worshipped Qazlal.
Qazlal was exalted by your worship.
You visited 1 branch You collected 34 gold pieces.

Inventory:

Hand Weapons
 m - a +6 heavy war axe (weapon)
Armour
 c - a +0 buckler (worn)
 f - a +0 pair of boots (worn)
 n - a +0 pair of gloves (worn)
 p - a +1 chain mail (worn)
Jewellery
 q - a +2 ring of protection (left hand)
 r - a +3 ring of dexterity (right hand)
Wands
 l - a wand of iceblast (9) (quivered)
Scrolls
 i - 2 scrolls of identify
 j - 3 scrolls of blinking
 k - 2 scrolls of amnesia
 o - a scroll of fog
Potions
 a - 3 potions of heal wounds
 b - a potion of resistance
 d - a potion of invisibility
 e - 4 potions of curing
 g - 2 potions of haste
 h - 4 potions of magic


   Skills:
 + Level 14.8 Fighting
 + Level 15.8 Axes
 + Level 13.3 Armour
 + Level 13.4 Shields
 * Level 19.7 Invocations


You had 10 spell levels left.
You didn't know any spells.
Your spell library was empty.

Dungeon Overview and Level Annotations

Branches:
Dungeon (1/1)

Altars:
Cheibriados
Dithmenos
Elyvilon
Fedhas
Gozag
Hepliaklqana
Kikubaaqudgha
Makhleb
Nemelex Xobeh
Okawaru
Qazlal
Ru
Sif Muna
Trog
Uskayaw
Vehumet
Wu Jian
Xom
Yredelemnul
Zin
The Shining One
Beogh
Jiyva
Lugonu


Message History

You feel a bit more experienced. The stone giant closely misses you.
You hit the stone giant.
The stone giant is lightly wounded.
You hear a shout!
You block the stone giant's attack.
You slash the stone giant!
The stone giant is lightly wounded.
The stone giant hits you!
* * * LOW HITPOINT WARNING * * *
You feel more protected from physical attacks.
Okay, then.
You slash the stone giant!
The stone giant is moderately wounded.
The stone giant hits you but does no damage.
You hit the stone giant.
The stone giant is moderately wounded.
The stone giant closely misses you. You block the stone giant's attack.
You slash the stone giant!
The stone giant is moderately wounded.
You hear a shout!
You block the stone giant's attack.
You hit the stone giant but do no damage.
The stone giant is moderately wounded.
You hear a shout!
The stone giant hits you!
* * * LOW HITPOINT WARNING * * *
You feel more protected from physical attacks.
You feel much better.
The stone giant hits you but does no damage.
You slash the stone giant!
The stone giant is heavily wounded.
An orc warrior comes into view. It is wielding a +0 short sword.
The stone giant hits you!!
* * * LOW HITPOINT WARNING * * *
You feel more protected from physical attacks.
Aiming: Upheaval
Press: ? - help, Dir - move target A blizzard blasts the area with ice!
The stone giant hits you!
You die...

▓<...)....)).....'____________
▓▓▓▓▓▓▓▓▓▓▓▓▓▓▓▓▓▓▓▓▓▓▓▓▓▓▓▓▓▓
▓.............................
▓.▓▓▓▓▓▓▓▓▓▓▓▓▓▓▓▓▓▓▓▓▓▓▓▓▓▓▓▓
▓.......'.....))......÷.......
▓▓▓▓▓▓▓▓▓▓▓▓▓▓▓▓▓▓▓▓▓▓▓▓▓▓▓▓▓▓
▓........................)....
▓.▓▓▓▓▓▓▓▓▓▓▓▓▓▓▓▓▓▓▓▓▓▓▓▓▓▓▓▓
▓............@C$)))o[,
▓▓▓▓▓▓▓▓▓▓▓▓▓▓▓▓▓▓▓▓▓


You could see a stone giant and an orc warrior.

Vanquished Creatures
  A stone giant (D)
  A centaur warrior (D)
  A two-headed ogre (D)
  A boulder beetle (D)
  A death yak (D)
  A deep elf pyromancer (D)
  A cyclops (D)
  2 elephants (D)
  A black mamba (D)
  6 cane toads (D)
  A gargoyle (D)
  A rime drake (D)
  A troll (D)
  2 komodo dragons (D)
  2 wyverns (D)
  2 yaks (D)
  Eustachio (D)
  A vampire mosquito (D)
  2 wargs (D)
  4 hell hounds (D)
  3 water moccasins (D)
  An orc warrior (D)
  A centaur (D)
  2 wolves (D)
  A scorpion (D)
  A killer bee (D)
  An orc priest (D)
  A gnoll bouda (D)
  An orc wizard (D)
  A gnoll (D)
  An adder (D)
  3 orcs (D)
  A goblin (D)
  A jackal (D)
  A ball python (D)
  2 frilled lizards (D)
55 creatures vanquished.

Notes
Turn   | Place    | Note
-------+----------+-------------------------------------------
     0 | D        | BigDaddyOpFi the Hill Orc Fighter began the quest for the
                  | Orb.
     0 | D        | Reached XP level 1. HP: 19/19 MP: 1/1
    54 | D        | Noticed an orc wizard
    54 | D        | Noticed a scorpion
    54 | D        | Noticed a gnoll bouda
    60 | D        | Reached XP level 2. HP: 27/28 MP: 2/2
    78 | D        | Reached skill level 5 in Fighting
    78 | D        | Reached skill level 5 in Axes
    78 | D        | Reached XP level 3. HP: 28/36 MP: 3/3
    79 | D        | Killed a scorpion
    80 | D        | Reached skill level 5 in Armour
    80 | D        | Reached skill level 5 in Shields
    80 | D        | Reached XP level 4. HP: 35/45 MP: 4/4
    89 | D        | Reached XP level 5. HP: 20/52 MP: 5/5
    96 | D        | Found a roughly hewn altar of Beogh.
    96 | D        | Found a snail-covered altar of Cheibriados.
    96 | D        | Found a shadowy altar of Dithmenos.
    96 | D        | Found a white marble altar of Elyvilon.
    96 | D        | Found a blossoming altar of Fedhas.
    96 | D        | Found an opulent altar of Gozag.
    97 | D        | Found a hazy altar of Hepliaklqana.
    98 | D        | Found a viscous altar of Jiyva.
    99 | D        | Found an ancient bone altar of Kikubaaqudgha.
   100 | D        | Found a corrupted altar of Lugonu.
   101 | D        | Found a burning altar of Makhleb.
   102 | D        | Found a sparkling altar of Nemelex Xobeh.
   103 | D        | Found an iron altar of Okawaru.
   104 | D        | Found a stormy altar of Qazlal.
   105 | D        | Found a sacrificial altar of Ru.
   106 | D        | Found a shimmering blue altar of Sif Muna.
   107 | D        | Found a bloodstained altar of Trog.
   108 | D        | Found a hide-covered altar of Uskayaw.
   109 | D        | Found a radiant altar of Vehumet.
   110 | D        | Found an ornate altar of the Wu Jian Council.
   111 | D        | Found a shimmering altar of Xom.
   112 | D        | Became a worshipper of Qazlal Stormbringer
   381 | D        | Found a basalt altar of Yredelemnul.
   382 | D        | Found a glowing silver altar of Zin.
   383 | D        | Found a glowing golden altar of the Shining One.
   432 | D        | Noticed a vampire mosquito
   432 | D        | Noticed a two-headed ogre
   432 | D        | Noticed a centaur
   432 | D        | Noticed a yak
   432 | D        | Noticed a yak
   437 | D        | Killed a vampire mosquito
   438 | D        | Reached skill level 5 in Invocations
   438 | D        | Reached XP level 6. HP: 61/61 MP: 5/9
   441 | D        | Killed a two-headed ogre
   442 | D        | Reached skill level 10 in Axes
   442 | D        | Reached skill level 10 in Invocations
   442 | D        | Reached XP level 7. HP: 46/71 MP: 5/14
   442 | D        | Reached XP level 8. HP: 51/79 MP: 5/15
   442 | D        | Reached * piety under Qazlal
   445 | D        | Killed a yak
   446 | D        | Reached skill level 10 in Fighting
   446 | D        | Reached skill level 11 in Invocations
   451 | D        | Killed a yak
   451 | D        | Reached ** piety under Qazlal
   779 | D        | Noticed a deep elf pyromancer
   779 | D        | Noticed a centaur warrior
   779 | D        | Noticed a troll
   779 | D        | Noticed a boulder beetle
   779 | D        | Noticed a gargoyle
   779 | D        | Noticed a cyclops
   786 | D        | Killed a deep elf pyromancer
   787 | D        | Reached skill level 12 in Invocations
   787 | D        | Reached XP level 9. HP: 79/89 MP: 16/18
   791 | D        | Killed a gargoyle
   791 | D        | Killed a centaur warrior
   792 | D        | Reached skill level 10 in Armour
   792 | D        | Reached skill level 10 in Shields
   792 | D        | Reached skill level 14 in Invocations
   795 | D        | Killed a troll
   801 | D        | Killed a cyclops
   801 | D        | Reached *** piety under Qazlal
   802 | D        | Reached skill level 15 in Invocations
   807 | D        | Killed a boulder beetle
   808 | D        | Reached XP level 10. HP: 50/99 MP: 17/21
  1162 | D        | Noticed a cane toad
  1162 | D        | Noticed a cane toad
  1162 | D        | Noticed a cane toad
  1162 | D        | Noticed a cane toad
  1167 | D        | Killed a cane toad
  1168 | D        | Reached skill level 16 in Invocations
  1172 | D        | Killed a cane toad
  1172 | D        | Reached **** piety under Qazlal
  1174 | D        | Killed a cane toad
  1177 | D        | Killed a cane toad
  1181 | D        | Reached skill level 17 in Invocations
  1189 | D        | Reached ***** piety under Qazlal
  1585 | D        | Noticed a death yak
  1585 | D        | Noticed an elephant
  1585 | D        | Noticed a black mamba
  1585 | D        | Noticed an elephant
  1596 | D        | Killed a death yak
  1597 | D        | Killed a black mamba
  1597 | D        | Killed an elephant
  1597 | D        | Noticed a cane toad
  1598 | D        | Reached skill level 18 in Invocations
  1598 | D        | Reached XP level 11. HP: 42/110 MP: 14/24
  1601 | D        | Reached skill level 15 in Axes
  1941 | D        | Reached ****** piety under Qazlal
  1942 | D        | Reached skill level 19 in Invocations
  2058 | D        | Noticed Eustachio
  2068 | D        | Killed Eustachio
  2108 | D        | Noticed a stone giant
  2108 | D        | Noticed a stone giant
  2113 | D        | Killed a stone giant
  2123 | D        | Slain by a stone giant

Illustrated notes

Levels and vault maps discovered:
D:        linesprint [early_d, line_temple, items_1, d_10, items_2, lair_1,
          lair_end, items_3, orc_1, orc_end, items_4, d_15, swamp_1, shoals_1,
          snake_1, spider_1, d_20, vaults_1, items_5, swamp_end, shoals_end,
          snake_end, spider_end, vaults_end, d_27, items_6, zot_1, zot_end,
          crypt_end, forest_end, elf_end, slime_end, tomb_end, abyss_end,
          pan_hell_end]

Skill      XL: |  1  2  3  4  5  6  7  8  9 10 11 |
---------------+----------------------------------+-----
Axes           | 4 5 6 7 8 10 11 13 14 15 | 15.8
Fighting       | 4 5 6 7 9 11 12 14 | 14.8
Armour         | 4 5 6 7 8 9 11 12 13 | 13.3
Shields        | 4 5 6 7 8 9 11 12 13 | 13.4
Invocations    | 5 10 12 15 18 19 | 19.7

Action                     |  1- 3 |  4- 6 |  7- 9 | 10-12 || total
---------------------------+-------+-------+-------+-------++-------
  Melee: War axe           |    43 |    17 |    30 |    81 ||   171
 Invoke: Upheaval          |       |       |     1 |     2 ||     3
         Disaster Area     |       |       |       |     2 ||     2
  Evoke: Wand              |       |       |     1 |       ||     1
    Use: Potion            |     2 |     1 |     2 |     4 ||     9
         Scroll            |       |       |       |     3 ||     3
 Armour: Scale mail        |    32 |     8 |       |       ||    40
         Chain mail        |       |     9 |    35 |    47 ||    91
  Dodge: Dodged            |    19 |     5 |    17 |    14 ||    55
         Repelled          |       |       |       |     1 ||     1
  Block: Buckler           |    11 |     6 |    23 |    44 ||    84

Table legend: (Time is in decaauts)
 A = Elapsed time spent in this place.
 B = Non-inter-level travel time spent in this place.
 C = Inter-level travel time spent in this place.
 D = Time resting spent in this place.
 E = Time spent auto-exploring this place.
 F = Levels seen in this place.
 G = Mean time per level.
                   A        B        C        D        E       F      G
               +--------+--------+--------+--------+--------+-----+--------+
         Total |   2176 |   2176 |      0 |   1549 |      0 |   1 | 2176.0 |
       Dungeon |   2176 |   2176 |      0 |   1549 |      0 |   1 | 2176.0 |
               +--------+--------+--------+--------+--------+-----+--------+

Top non-repeatable levels by time:
       D: 2176 daAuts
